 Dungeon Crawl Stone Soup version 0.26-a0-466-g989023bd0d (webtiles) character file.

Game seed: 17718202562332877141

11444 HoaS the Brawler (level 11, -3/88 HPs)
             Began as a Ghoul Gladiator on Aug 10, 2020.
             Was an Elder of Makhleb.
             Slain by a skeletal warrior
             ... wielding a +0 scimitar
              (12 damage)
             ... on level 8 of the Dungeon.
             The game lasted 00:19:54 (6751 turns).

HoaS the Brawler (Ghoul Gladiator)                  Turns: 6751, Time: 00:19:55

Health: -3/88      AC: 18    Str: 20    XL:     11   Next: 77%
Magic:  10/10      EV: 12    Int:  3    God:    Makhleb [****..]
Gold:   688        SH:  0    Dex: 18    Spells: 10/10 levels left

rFire    . . .     SeeInvis .     - Unarmed
rCold    + . .     Faith    .   (no shield)
rNeg     + + +     Spirit   .   v - +1 pearl dragon scales
rPois    ∞         Reflect  .   b - +0 helmet
rElec    .         Harm     .   s - +0 cloak {rPois}
rCorr    .                      (no gloves)
MR       .....                  q - +2 pair of boots
Stlth    ..........             (no amulet)
HPRegen  0.00/turn              w - +6 ring of dexterity
MPRegen  0.12/turn              (no ring)

@: very slightly contaminated, invisible (expiring)
A: rotting body, claws 1, cold resistance 1, negative energy resistance 3,
inhibited regeneration, torment resistance, unbreathing
a: Minor Destruction, Lesser Servant of Makhleb, Major Destruction, Renounce
Religion


You were on level 8 of the Dungeon.
You worshipped Makhleb.
Makhleb was greatly pleased with you.
You visited 2 branches of the dungeon, and saw 10 of its levels.

You collected 688 gold pieces.

Inventory:

Missiles
 f - 19 boomerangs
 h - 5 atropa-tipped darts
 j - 67 poisoned darts
 l - 2 boomerangs of dispersal
 n - a throwing net (quivered)
 x - 4 curare-tipped darts
Armour
 b - a +0 helmet (worn)
 q - a +2 pair of boots (worn)
 s - a +0 cloak of poison resistance (worn)
 v - +1 pearl dragon scales (worn)
Jewellery
 w - a +6 ring of dexterity (left claw)
Wands
 c - a wand of digging (5)
Scrolls
 g - 8 scrolls of teleportation
 k - 3 scrolls of blinking
 m - 2 scrolls of identify
 p - 2 scrolls of fog
 r - 3 scrolls of remove curse
Potions
 d - 2 potions of flight
 e - a potion of lignification
 i - 3 potions of curing
 o - a potion of haste {unknown}
 t - a potion of ambrosia {unknown}
 u - a potion of cancellation {unknown}
 z - a potion of stabbing {unknown}


   Skills:
 + Level 5.4 Fighting
 - Level 1.7 Throwing
 + Level 3.9 Armour
 + Level 4.9 Dodging
 * Level 17.1 Unarmed Combat


You had 10 spell levels left.
You didn't know any spells.
Your spell library contained the following spells:

 Spells                   Type           Power        Failure   Level
 Corona                   Hex            #......      91%         1
 Slow                     Hex            #.......     97%         2
 Confusing Touch          Hex            #.......     99%         3
 Gell's Gravitas          Tloc           #.........   99%         3
 Inner Flame              Hex/Fire       #.......     99%         3
 Portal Projectile        Hex/Tloc       #.....       99%         3
 Cause Fear               Hex            #.........   100%        4
 Leda's Liquefaction      Hex/Erth       #.........   100%        4
 Petrify                  Tmut/Erth      #.......     100%        4
 Bolt of Magma            Conj/Fire/Erth #.........   100%        5
 Iskenderun's Battlesphe  Conj           #.......     100%        5
 Metabolic Englaciation   Hex/Ice        #.........   100%        5
 Yara's Violent Unravell  Hex/Tmut       #.........   100%        5
 Iron Shot                Conj/Erth      #.........   100%        6
 Orb of Destruction       Conj           #.........   100%        7
 Spellforged Servitor     Conj/Summ      #.........   100%        7


Dungeon Overview and Level Annotations

Branches:
Dungeon (9/15)             Temple (1/1) D:6            Lair (0/6) D:9
    Orc (0/2) D:9

Altars:
Ashenzari
Cheibriados
Dithmenos
Elyvilon
Fedhas
Gozag
Hepliaklqana
Kikubaaqudgha
Makhleb
Nemelex Xobeh
Okawaru
Qazlal
Ru
Sif Muna
Trog
Uskayaw
Vehumet
Wu Jian
Xom
Yredelemnul
Zin
The Shining One

Shops:
D:7 =

Portals:
Abyss: D:3

Annotations:
D:3 2 transporters, Ferkelamun's ghost, amateur DsFi


Innate Abilities, Weirdness & Mutations

Your body is rotting away.
You thrive by killing the living.
You are immune to poison.
You have sharp fingernails.
Your flesh is cold resistant. (rC+)
You are immune to negative energy. (rN+++)
You do not regenerate when monsters are visible.
You are immune to unholy pain and torment.
You can survive without breathing.


Message History

You are very lightly contaminated with residual magic.
You catch the helpless skeletal warrior completely off-guard!
You scratch the skeletal warrior.
The skeletal warrior is lightly damaged.
The skeletal warrior hits you with a +0 scimitar!
* * * LOW HITPOINT WARNING * * *
You scratch the skeletal warrior. Your claw misses the skeletal warrior.
The skeletal warrior is lightly damaged.
The centaur warrior shoots an arrow.
The arrow hits the skeletal warrior!!
The centaur warrior shoots an arrow.
The arrow hits the skeletal warrior!
There is an escape hatch in the ceiling here.
The skeletal warrior barely misses you.
The centaur warrior shoots an arrow.
The arrow barely misses the skeletal warrior.
The arrow closely misses you. A mysterious force pulls you upwards.
The hatch slams shut behind you.
You flicker for a moment.
You see here a +0 giant club.
You feel better.
The skeletal warrior hits you with a +0 scimitar!
You die...

##.)#..##.....#.###....#
##..###..##......###....#
#.#.....#.##...#...##.#######
...##.##...#..##.#.#........#
.#.#...#.#.#.....#..........#
##...#...##'...#####........#
.#.#...#.#^#...# #........#
...##.##...#.[.#####........#
#.#.....#.##.#..@z.#........#
##..###..##..#.###.#........#
.##..#..##.....# #..........#
..###)###....### ##.........#
#...........## #.#########
####.......## #...#
.........### ####.#######
.........# #..........#
.<.......# #..........#


You could see a skeletal warrior.

Vanquished Creatures
  A two-headed ogre (D:8)
  3 death yaks (D:8)
  2 deep elf magi (D:8)
  A cyclops (D:8)
  2 manticores (D:8)
  Grinder (D:4)
  2 shadows (D:8)
  Sigmund (D:2)
  6 yaks
  Eustachio (D:5)
  2 wyverns (D:8)
  3 vampire mosquitoes (D:9)
  Menkaure (D:6)
  A porcupine (D:8)
  4 orc warriors
  3 sky beasts (D:8)
  4 black bears
  10 ogres
  5 centaurs
  3 eyes of draining (D:6)
  A big kobold (D:8)
  7 bullfrogs
  A gnoll sergeant (D:9)
  2 scorpions
  9 wights
  3 howler monkeys
  A centaur zombie (D:6)
  A bullfrog zombie (D:8)
  A quasit (D:8)
  A jelly (D:8)
  2 hounds
  A centaur skeleton (D:8)
  Crazy Yiuf (D:5)
  5 orc priests
  An iguana (D:5)
  10 orc wizards
  6 worker ants
  A killer bee zombie (D:7)
  A hound skeleton (D:7)
  A worker ant zombie (D:8)
  11 gnolls
  7 adders
  3 ufetubi
  2 oozes (D:2)
  2 worms
  3 dart slugs
  4 leopard geckos
  25 orcs
  5 giant cockroaches
  6 goblins
  9 hobgoblins
  3 jackals (D:1)
  12 kobolds
  3 quokkas
  A ball python skeleton (D:4)
  11 bats
  5 frilled lizards
  A quokka skeleton (D:7)
  9 rats
234 creatures vanquished.

Vanquished Creatures (others)
  4 toadstools (D:1)
4 creatures vanquished.

Grand Total: 238 creatures vanquished

Notes
Turn   | Place    | Note
-------+----------+-------------------------------------------
     0 | D:1      | HoaS the Ghoul Gladiator began the quest for the Orb.
     0 | D:1      | Reached XP level 1. HP: 17/17 MP: 0/0
   141 | D:1      | Reached XP level 2. HP: 24/24 MP: 1/1
   166 | D:1      | Reached skill level 4 in Unarmed Combat
   501 | D:1      | Reached XP level 3. HP: 27/29 MP: 2/2
   926 | D:2      | You fall into a shaft and drop 2 floors!
   964 | D:3      | Reached skill level 5 in Unarmed Combat
  1137 | D:3      | Found a one-way gate to the infinite horrors of the Abyss.
  1137 | D:3      | Noticed a small abomination
  1137 | D:3      | Noticed Ferkelamun's ghost (amateur DsFi)
  1169 | D:2      | Reached XP level 4. HP: 32/36 MP: 3/3
  1353 | D:2      | Noticed Sigmund
  1384 | D:2      | Killed Sigmund
  1384 | D:2      | Reached skill level 7 in Unarmed Combat
  1384 | D:2      | Reached XP level 5. HP: 25/41 MP: 4/4
  1384 | D:2      | Reached XP level 6. HP: 29/48 MP: 5/5
  1536 | D:2      | Found a faded altar of an unknown god.
  2006 | D:3      | Identified the cursed +1 short sword "Vaduegge" {distort,
                  | rF+ rN+ Str-4 Stlth+}
  2009 | D:3      | Noticed a small abomination
  2048 | D:3      | Found a transporter.
  2050 | D:3      | Found a transporter.
  2052 | D:3      | Noticed a toenail golem
  2849 | D:4      | Reached skill level 8 in Unarmed Combat
  3321 | D:4      | Noticed Grinder
  3332 | D:4      | Paralysed by Grinder for 2 turns
  3357 | D:4      | Killed Grinder
  3357 | D:4      | Reached skill level 9 in Unarmed Combat
  3357 | D:4      | Reached XP level 7. HP: 53/55 MP: 6/6
  3558 | D:5      | Entered Level 5 of the Dungeon
  3598 | D:5      | Reached skill level 10 in Unarmed Combat
  3621 | D:5      | Reached XP level 8. HP: 49/61 MP: 7/7
  3849 | D:5      | Found an ornate altar of the Wu Jian Council.
  3849 | D:5      | Found a blossoming altar of Fedhas.
  3854 | D:5      | Found a faded altar of an unknown god.
  3856 | D:5      | Found a snail-covered altar of Cheibriados.
  3858 | D:5      | Found a burning altar of Makhleb.
  3861 | D:5      | Became a worshipper of Makhleb the Destroyer
  4016 | D:5      | Noticed Eustachio
  4024 | D:5      | Killed Eustachio
  4024 | D:5      | Reached skill level 11 in Unarmed Combat
  4074 | D:5      | Found a runed translucent door.
  4075 | D:5      | Noticed Crazy Yiuf
  4198 | D:5      | Killed Crazy Yiuf
  4304 | D:6      | Found a staircase to the Ecumenical Temple.
  4341 | Temple   | Entered the Ecumenical Temple
  4491 | D:6      | Reached skill level 12 in Unarmed Combat
  4533 | D:6      | Reached XP level 9. HP: 67/67 MP: 8/8
  4653 | D:6      | Noticed Menkaure
  4664 | D:6      | Killed Menkaure
  4688 | D:6      | Found a bloodstained altar of Trog.
  4730 | D:6      | Reached * piety under Makhleb
  4891 | D:6      | Reached skill level 13 in Unarmed Combat
  5185 | D:7      | Found Arpholeink's Jewellery Shop.
  5288 | D:7      | Reached skill level 14 in Unarmed Combat
  5457 | D:7      | Found a bloodstained altar of Trog.
  5461 | D:7      | Found a glowing golden altar of the Shining One.
  5659 | D:8      | Reached XP level 10. HP: 63/73 MP: 9/9
  5727 | D:8      | Noticed a manticore
  5727 | D:8      | Noticed a deep elf mage
  5731 | D:8      | Noticed a cyclops
  5738 | D:8      | Identified the +10 falchion "Junotimn" {drain, Str+5 Int+3}
  5743 | D:8      | Killed a manticore
  5743 | D:8      | Reached skill level 15 in Unarmed Combat
  5744 | D:8      | Noticed a manticore
  5747 | D:8      | Killed a deep elf mage
  5771 | D:8      | Reached ** piety under Makhleb
  5782 | D:8      | Killed a manticore
  5782 | D:8      | Reached skill level 16 in Unarmed Combat
  5802 | D:8      | Killed a cyclops
  5802 | D:8      | Reached skill level 1 in Armour
  5883 | D:8      | Noticed a deep elf mage
  5892 | D:8      | Killed a deep elf mage
  5912 | D:8      | Reached XP level 11. HP: 82/82 MP: 10/10
  6020 | D:8      | Noticed a two-headed ogre
  6047 | D:8      | Killed a two-headed ogre
  6262 | D:9      | Found a staircase to the Lair.
  6262 | D:9      | Noticed a death yak
  6267 | D:9      | Noticed a death yak
  6280 | D:8      | Reached *** piety under Makhleb
  6289 | D:8      | Killed a death yak
  6292 | D:9      | Noticed a death yak
  6321 | D:8      | Killed a death yak
  6331 | D:8      | Killed a death yak
  6331 | D:8      | Reached skill level 5 in Fighting
  6394 | D:9      | Reached skill level 17 in Unarmed Combat
  6667 | D:9      | Reached **** piety under Makhleb
  6693 | D:9      | Found a staircase to the Orcish Mines.
  6722 | D:9      | Noticed a skeletal warrior
  6722 | D:9      | Noticed a centaur warrior
  6732 | D:9      | HP: 1/88 [skeletal warrior/+0 scimitar (17)]
  6751 | D:8      | Slain by a skeletal warrior

Illustrated notes

Levels and vault maps discovered:
D:1:      minmay_arrival_doors, layout_basic, minmay_gold_behind_fungi,
          minmay_domino_4
D:2:      layout_loops_ring, chequers_ecumenical_altar_simple_redux,
          minmay_tall_x, uniq_sigmund
D:3:      layout_basic, gammafunk_ghost_abyssal_escape
D:4:      layout_basic, nicolae_ossuary_entry_plus, uniq_grinder
D:5:      layout_rooms, chequers_temple_overflow_minitemple, uniq_eustachio,
          uniq_crazy_yiuf_cottage
D:6:      layout_cave_pods, minmay_temple_entry_wispy, serial_column_ruins,
          column_ruins_grid_2, column_ruins_corridor_plus,
          column_ruins_open_medium, column_ruins_open_small_water,
          column_ruins_grid_1, column_ruins_columns_dead_end,
          trog_eyes_of_draining, uniq_menkaure
D:7:      layout_rooms, minitemple, serial_shops, shop
D:8:      minmay_the_grid_octo_2x2 [minmay_the_grid_octo_concentric,
          minmay_the_grid_octo_pinwheel, minmay_the_grid_octo_focus,
          minmay_the_grid_octo_prize_square_snowflake], layout_rooms,
          moated_statue
D:9:      minmay_bloctagon_deflated, layout_basic, dpeg_lair_monsters
Temple:   regret_index_temple_sphere_string

Skill      XL: |  1  2  3  4  5  6  7  8  9 10 11 |
---------------+----------------------------------+-----
Unarmed Combat | 4 5 7 9 10 12 14 16 17 | 17.1
Armour         | 1 3 |  3.9
Dodging        | 3 4 |  4.9
Fighting       | 3 5 |  5.4
Throwing       | |  1.7

Action                   |  1- 3 |  4- 6 |  7- 9 | 10-12 || total
-------------------------+-------+-------+-------+-------++-------
Melee: Unarmed           |   113 |   125 |   194 |   293 ||   725
       Punch             |     1 |     8 |    12 |    33 ||    54
Throw: Throwing net      |       |     4 |     3 |     1 ||     8
       Dart              |       |     4 |       |     8 ||    12
  Use: Scroll            |     3 |     3 |     7 |     2 ||    15
       Potion            |       |       |     2 |     4 ||     6
 Stab: Held in net/web   |       |     3 |     1 |       ||     4
       Invisible         |       |       |       |    12 ||    12
Armor: Ring mail         |    31 |    38 |       |       ||    69
       Leather armour    |     1 |       |       |       ||     1
       Plate armour      |       |     8 |    11 |       ||    19
       Scale mail        |       |       |    41 |       ||    41
       Pearl dragon scal |       |       |    12 |   139 ||   151
Dodge: Dodged            |    58 |    49 |    69 |   171 ||   347

Table legend: (Time is in decaauts)
 A = Elapsed time spent in this place.
 B = Non-inter-level travel time spent in this place.
 C = Inter-level travel time spent in this place.
 D = Time resting spent in this place.
 E = Time spent auto-exploring this place.
 F = Levels seen in this place.
 G = Mean time per level.
                   A        B        C        D        E       F      G
               +--------+--------+--------+--------+--------+-----+--------+
         Total |   6594 |   6209 |    385 |    343 |   4395 |  10 |  659.4 |
       Dungeon |   6450 |   6065 |    385 |    343 |   4269 |   9 |  716.7 |
        Temple |    143 |    143 |      0 |      0 |    126 |   1 |  143.0 |
               +--------+--------+--------+--------+--------+-----+--------+

Top non-repeatable levels by time:
     D:3: 1172 daAuts
     D:1: 888 daAuts
     D:6: 782 daAuts
     D:4: 768 daAuts
     D:8: 712 daAuts
     D:2: 707 daAuts
     D:5: 661 daAuts
     D:9: 388 daAuts
     D:7: 369 daAuts
  Temple: 143 daAuts
